 Dungeon Crawl Stone Soup version 0.21.1-1-g345015f (webtiles) character file.

3677 dstrtn the Covert (level 9, -4/39 HPs)
             Began as a Felid Venom Mage on Feb 14, 2018.
             Was a Follower of Kikubaaqudgha.
             Slain by a water moccasin (7 damage)
             ... on level 1 of the Lair of Beasts on Feb 15, 2018.
             The game lasted 01:25:54 (18831 turns).

dstrtn the Covert (Felid Venom Mage)               Turns: 18831, Time: 01:25:55

Health: -4/39      AC:  2    Str:  9    XL:     9   Next: 89%
Magic:  13/17      EV: 24    Int: 18    God:    Kikubaaqudgha [*.....]
Gold:   431        SH:  0    Dex: 18    Spells: 1/18 levels left
                                        Lives:  0   Deaths: 2

rFire    . . .     SeeInvis +     - Unarmed
rCold    . . .     Gourm    .   (shield unavailable)
rNeg     . . .     Faith    .   (armour unavailable)
rPois    .         Spirit   .   (helmet unavailable)
rElec    .         Reflect  .   (cloak unavailable)
rCorr    .         Harm     .   (gloves unavailable)
MR       +....                  (boots unavailable)
Stlth    +++++.....             (no amulet)
HPRegen  0.13/turn              (no ring)
MPRegen  0.15/turn              (no ring)

@: mighty, quick
A: very small, no armour, no weapons or thrown items, stealth, claws 1, fangs 3,
see invisible, carnivore, speed 1, shaggy fur 2, slow metabolism 1, sharp paws
a: Receive Corpses, Renounce Religion


You were on level 1 of the Lair of Beasts.
You worshipped Kikubaaqudgha.
Kikubaaqudgha was aware of your devotion.
You were very full.

You visited 3 branches of the dungeon, and saw 12 of its levels.
You also visited: Sewer and Bailey.

You collected 431 gold pieces.

Inventory:

Jewellery
 c - an uncursed ring of wizardry {unknown}
 i - an uncursed ring of ice {unknown}
 o - a +5 ring of protection {unknown}
 u - an uncursed ring of positive energy {unknown}
Scrolls
 j - a scroll of fog
 q - a scroll of magic mapping
 v - a scroll of random uselessness {unknown}
 w - a scroll of identify {@r1}
Potions
 f - a potion of lignification {unknown}
 g - 2 potions of brilliance
 m - a potion of might
 n - a potion of magic {unknown}
 p - a potion of berserk rage
 s - a potion of degeneration {unknown}
Books
 a - a Young Poisoner's Handbook

   Spells                             Type                      Level
   a - Sting                          Conjuration/Poison           1
   b - Poisonous Vapours              Poison/Air                   2
   c - Mephitic Cloud                 Conjuration/Poison/Air       3
   d - Olgreb's Toxic Radiance        Poison                       4
   e - Venom Bolt                     Conjuration/Poison           5
 h - Kikubaaqudgha's Compendium of Necromancy
   (Kikubaaqudgha gifted it to you on level 7 of the Dungeon)

   Spells                             Type                      Level
   a - Animate Skeleton               Necromancy                   1
   b - Pain                           Necromancy                   1
   c - Sublimation of Blood           Necromancy                   2
   d - Regeneration                   Charms/Necromancy            3
 r - a book of Minor Magic

   Spells                             Type                      Level
   a - Magic Dart                     Conjuration                  1
   b - Blink                          Translocation                2
   c - Call Imp                       Summoning                    2
   d - Slow                           Hexes                        2
   e - Conjure Flame                  Conjuration/Fire             3
   f - Mephitic Cloud                 Conjuration/Poison/Air       3
Comestibles
 b - 23 rations


   Skills:
 * Level 4.6 Fighting
 + Level 8.2 Dodging
 + Level 10.0 Stealth
 - Level 4.0 Unarmed Combat
 - Level 5.0 Spellcasting
 + Level 4.1 Conjurations
 - Level 2.0 Necromancy
 * Level 1.7 Translocations
 - Level 2.4 Fire Magic
 - Level 2.3 Air Magic
 - Level 6.0 Poison Magic


You had one spell level left.
You knew the following spells:

 Your Spells              Type           Power        Failure   Level  Hunger
a - Sting                 Conj/Pois      ###.         1%          1    None
c - Conjure Flame         Conj/Fire      ###.....     11%         3    ##.....
l - Blink                 Tloc           N/A          10%         2    #......
m - Mephitic Cloud        Conj/Pois/Air  ###.....     7%          3    ##.....
o - Olgreb's Toxic Radia  Pois           ####....     11%         4    ####...
q - Magic Dart            Conj           ###.         2%          1    None
s - Animate Skeleton      Necr           N/A          6%          1    None
v - Poisonous Vapours     Pois/Air       ###...       3%          2    #......


Dungeon Overview and Level Annotations

Branches:
Dungeon (10/15)            Temple (1/1) D:6            Lair (1/6) D:10
    Orc: D:9-12

Altars:
Ashenzari
Cheibriados
Dithmenos
Elyvilon
Fedhas
Gozag
Hepliaklqana
Kikubaaqudgha
Makhleb
Nemelex Xobeh
Okawaru
Qazlal
Ru
Sif Muna
Trog
Uskayaw
Vehumet
Wu Jian
Xom
Yredelemnul
Zin
The Shining One

Shops:
D:10 *

Annotations:
D:5 exclusions: centaur, downstairs, phantom, 2 skeletons and zombie
D:6 exclusion: shadow imp
D:7 tidbits's ghost, novice GnTm
D:9 exclusion: hungry ghost
D:10 Erolcha


Innate Abilities, Weirdness & Mutations

You cannot wear armour.
You are incapable of wielding weapons or throwing items.
Your paws allow you to move quietly. (Stealth)
You have sharp claws.
You have razor-sharp teeth.
You have supernaturally acute eyesight. (SInv)
You are carnivorous and can eat meat at any time.
You cover ground quickly.
You are covered in thick fur. (AC +2)
You have a slow metabolism.
Your sharp claws are effective at attacking unaware monsters.


Message History

Okay, then.
Unknown command.
Unknown command.
The crimson imp completely misses you.
Found a scroll of teleportation.
Unknown command.
The crimson imp blinks!
Unknown command.
There is a staircase back to the Dungeon here.
Unknown command.
The crimson imp blinks!
The porcupine completely misses you.
Unknown command.
The crimson imp completely misses you.
The crimson imp zaps a wand.
The puff of flame misses you.
The crimson imp blinks!
Unknown command.
The water moccasin bites you!
You die...
Kikubaaqudgha rasps: "You have failed me!
Welcome... death!"

#...... #...(.
##....### #.......###
#....<....###
............####
..........?..#P###
............5r...#####
.#.#.#.$.....#.S@....#
#####.........#.#.....#
#........######....#
#...>.....# ....#
##........# ...#
#..?.....P ...#
#........# ..# ..#


You could see a water moccasin, a porcupine and a crimson imp.

Vanquished Creatures
  A two-headed ogre (D:10)
  A centaur zombie (D:10)
  2 yaks
  A hungry ghost (D:9)
  2 soldier ants (D:9)
  An orc warrior (D:9)
  2 black bears
  An ice beast (D:9)
  A sky beast (D:6)
  3 phantoms
  5 centaurs
  An ogre (D:7)
  7 bullfrogs
  A scorpion (D:4)
  6 killer bees
  3 wights (D:8)
  A hound (D:4)
  2 bullfrog skeletons
  2 orc priests (D:6)
  Jessica (D:2)
  Terence (D:2)
  4 iguanas
  Ijyb (D:4)
  4 orc wizards
  8 worker ants
  2 worker ant zombies
  18 adders
  12 gnolls
  4 river rats
  A shadow imp (D:8)
  3 oozes
  4 worms
  4 dart slugs
  5 leopard geckos
  20 orcs
  5 giant cockroaches
  16 goblins
  12 hobgoblins
  12 jackals
  7 quokkas
  11 ball pythons
  8 bats
  7 frilled lizards
  2 jackal skeletons
  13 kobolds
  A leopard gecko skeleton (D:5)
  2 quokka skeletons (D:6)
  36 rats
267 creatures vanquished.

Vanquished Creatures (collateral kills)
  A big kobold (D:10)
  An orc priest (D:5)
2 creatures vanquished.

Vanquished Creatures (others)
  8 plants (D:10)
8 creatures vanquished.

Grand Total: 277 creatures vanquished

Notes
Turn   | Place    | Note
-------+----------+-------------------------------------------
     0 | D:1      | dstrtn the Felid Venom Mage began the quest for the Orb.
     0 | D:1      | Reached XP level 1. HP: 7/7 MP: 4/4
    53 | D:1      | Reached skill level 1 in Conjurations
   159 | D:1      | Reached skill level 3 in Stealth
   329 | D:1      | Reached XP level 2. HP: 11/11 MP: 3/6
   384 | D:1      | Learned a level 2 spell: Poisonous Vapours
  1091 | D:1      | Reached XP level 3. HP: 14/14 MP: 3/7
  1486 | D:2      | Learned a level 3 spell: Mephitic Cloud
  1885 | D:2      | Found a shimmering altar of Xom.
  1945 | D:2      | Noticed Jessica
  2270 | D:2      | Reached skill level 4 in Stealth
  2420 | D:2      | Found a blossoming altar of Fedhas.
  2462 | D:2      | Reached XP level 4. HP: 18/18 MP: 2/8
  2673 | D:2      | Reached skill level 1 in Air Magic
  3044 | D:2      | Noticed Terence
  3058 | D:2      | Killed Terence
  3121 | D:2      | Killed Jessica
  3121 | D:2      | Reached XP level 5. HP: 21/21 MP: 3/9
  3365 | D:3      | Reached skill level 5 in Stealth
  3860 | D:3      | Found a glowing drain.
  3890 | Sewer    | Entered a sewer
  4880 | Sewer    | Gained mutation: You are covered in thick fur. (AC +2) [Felid growth]
  4880 | Sewer    | Reached XP level 6. HP: 19/24 MP: 2/10
  5105 | Sewer    | Killed from afar by a ball python
  5105 | Sewer    | Reached skill level 6 in Stealth
  5106 | Sewer    | Reached XP level 5. HP: -22/21 MP: 2/9
  5821 | D:4      | Reached XP level 6. HP: 24/24 MP: 1/10
  5896 | D:4      | Learned a level 4 spell: Olgreb's Toxic Radiance
  5931 | D:4      | Found a stormy altar of Qazlal.
  5934 | D:4      | Noticed a fire elemental
  5934 | D:4      | Noticed a water elemental
  5934 | D:4      | Noticed an air elemental
  6966 | D:4      | Reached skill level 7 in Stealth
  6976 | D:4      | Noticed Ijyb
  7045 | D:4      | Killed Ijyb
  7234 | D:5      | Entered Level 5 of the Dungeon
  7891 | D:5      | Reached XP level 7. HP: 26/28 MP: 4/12
  7987 | D:5      | Reached skill level 5 in Dodging
  8436 | D:6      | Found a sparkling altar of Nemelex Xobeh.
  8709 | D:6      | Noticed a dagger
  8710 | D:6      | Noticed a dagger
  8779 | D:6      | Reached skill level 1 in Fighting
  8779 | D:6      | Reached skill level 8 in Stealth
  8783 | D:6      | Found a staircase to the Ecumenical Temple.
  8792 | Temple   | Entered the Ecumenical Temple
  8983 | Temple   | Became a worshipper of Kikubaaqudgha
  9738 | D:6      | HP: 8/29 [centaur/arrow (12)]
  9745 | D:6      | Reached skill level 5 in Poison Magic
  9981 | D:6      | Found a hide-covered altar of Uskayaw.
 10127 | D:6      | Reached XP level 8. HP: 23/33 MP: 3/13
 10232 | D:6      | Reached skill level 9 in Stealth
 10517 | D:6      | Found a burning altar of Makhleb.
 10519 | D:6      | Found a hazy altar of Hepliaklqana.
 10521 | D:6      | Found a shadowy altar of Dithmenos.
 10689 | D:6      | Found a deep blue altar of Sif Muna.
 10794 | D:6      | Found a stormy altar of Qazlal.
 10977 | D:7      | Found a flagged portal.
 11050 | Bailey   | Entered a bailey
 11057 | Bailey   | Noticed a deep elf mage
 12022 | D:7      | Noticed tidbits's ghost (novice GnTm)
 12125 | D:7      | Reached * piety under Kikubaaqudgha
 12125 | D:7      | Identified Kikubaaqudgha's Compendium of Necromancy (Kikubaaqudgha gifted it to you on level 7 of the Dungeon)
 12125 | D:7      | Received a gift from Kikubaaqudgha
 12142 | D:6      | Learned a level 1 spell: Animate Skeleton
 12391 | D:8      | Learned a level 3 spell: Conjure Flame
 12627 | D:8      | Reached skill level 10 in Stealth
 12649 | D:8      | Learned a level 1 spell: Magic Dart
 13465 | D:8      | Reached skill level 1 in Necromancy
 13999 | D:8      | Reached skill level 1 in Fire Magic
 13999 | D:8      | Reached XP level 9. HP: 36/36 MP: 6/16
 14340 | D:9      | Found a bloodstained altar of Trog.
 14736 | D:9      | HP: 11/36 [centaur/arrow (4)]
 14738 | D:8      | Slain by an iguana
 14739 | D:8      | Reached XP level 8. HP: -5/33 MP: 14/15
 16073 | D:9      | Found a shattered altar of Ashenzari.
 16616 | D:10     | Entered Level 10 of the Dungeon
 16658 | D:9      | Reached skill level 1 in Unarmed Combat
 16823 | D:9      | Reached XP level 9. HP: 37/37 MP: 4/17
 16951 | D:10     | Noticed Erolcha
 17032 | D:10     | Found Ceblos's General Store.
 17040 | D:10     | Reached skill level 5 in Spellcasting
 17218 | D:10     | Reached ** piety under Kikubaaqudgha
 17318 | D:10     | Noticed a two-headed ogre
 17332 | D:10     | Found a staircase to the Lair.
 17332 | D:10     | Noticed a komodo dragon
 17336 | D:10     | Killed a two-headed ogre
 17339 | D:10     | Noticed a troll
 17436 | D:10     | HP: 5/39 [yak (14)]
 17740 | D:9      | Learned a level 2 spell: Blink
 18189 | D:9      | Reached skill level 1 in Translocations
 18810 | D:10     | HP: 14/39 [crimson imp/wand of flame (13) (10)]
 18811 | Lair:1   | Entered Level 1 of the Lair of Beasts
 18814 | Lair:1   | HP: 1/39 [crimson imp/wand of flame (12) (14)]
 18831 | Lair:1   | Slain by a water moccasin

Skill      XL: |  1  2  3  4  5  6  7  8  9 |
---------------+----------------------------+-----
Conjurations   | 1 2 3 4 |  4.1
Stealth        | 3 4 5 7 8 10 | 10.0
Poison Magic   | 3 4 5 6 |  6.0
Dodging        | 3 4 5 7 8 |  8.2
Air Magic      | 1 2 |  2.3
Spellcasting   | 3 4 5 |  5.0
Fighting       | 1 2 4 |  4.6
Necromancy     | 2 |  2.0
Fire Magic     | 2 |  2.4
Unarmed Combat | 1 4 |  4.0
Translocations | 1 |  1.7

Action                   |  1- 3 |  4- 6 |  7- 9 || total
-------------------------+-------+-------+-------++-------
Melee: Unarmed           |    11 |    58 |   328 ||   397
       Bite              |     2 |     3 |    28 ||    33
       Punch             |       |       |     1 ||     1
 Cast: Sting             |    83 |    94 |    60 ||   237
       Poisonous Vapours |    16 |    93 |   149 ||   258
       Mephitic Cloud    |       |     5 |    26 ||    31
       Olgreb's Toxic Ra |       |       |     5 ||     5
       Magic Dart        |       |       |   200 ||   200
       Conjure Flame     |       |       |    19 ||    19
       Animate Skeleton  |       |       |     4 ||     4
       Blink             |       |       |     2 ||     2
Invok: Receive Corpses   |       |       |     2 ||     2
  Use: Scroll            |       |     9 |     8 ||    17
       Potion            |       |     2 |     8 ||    10
 Stab: Sleeping          |       |     2 |     1 ||     3
       Confused          |       |     2 |     1 ||     3
  Eat: Chunk             |    12 |    23 |    32 ||    67
Armor: Skin              |     3 |     7 |    20 ||    30
Dodge: Dodged            |    38 |   104 |   481 ||   623
